 Dungeon Crawl Stone Soup version 0.31-a0-1591-g515db51633 (webtiles) character file.

Game seed: 4682857035284956185

414062 Lobster4 the Merry Minotaur (level 22, -7/200 HPs)
             Began as a Minotaur Hunter on Jan 5, 2024.
             Was the Champion of Hepliaklqana.
             Mangled by a rockslime (21 damage)
             ... created by the Royal Jelly
             ... on level 5 of the Pits of Slime on Jan 6, 2024.
             The game lasted 03:05:52 (48272 turns).

Lobster4 the Merry Minotaur (Minotaur Hunter)      Turns: 48272, Time: 03:05:53

Health: -7/200     AC: 25    Str: 20    XL:     22   Next: 52%
Magic:  0/25       EV: 19    Int: 11    God:    Hepliaklqana [******]
Gold:   4861       SH: 19    Dex: 31    Spells: 25/27 levels left

rFire   + + .        a - +7 hand cannon "Mule" {flame, backblast, rF+}
rCold   + + +        A - +1 kite shield {rC+}
rNeg    + + +        B - +10 chain mail of Wykiykh {rN+ Int+3 Dex+3}
rPois   +            n - -2 hat of the Alchemist {rElec rPois rF+ rC+ rN+ Will+ rMut rCorr}
rElec   +            r - scarf {repulsion}
rCorr   +            F - +2 pair of gloves of Plasticity {rN+ Dex+3 Stlth-}
SInv    +            j - +3 pair of mountain boots {steadfast, rC+}
Will    +++..        R - amulet "Cofuode" {Spirit Slay+3} Stlth
                     D - ring of the Octopus King {HP+2 AC+2 EV+2 SH+2 SInv}
HPRegen 0.53/turn    M - ring of the Hippogriff {Will+ Dex+6}
MPRegen 0.19/turn

%: repel missiles, resist mutation, guardian spirit
@: about to teleport, corroded, studying 2 skills
A: reduced essence, horns 2, retaliatory headbutt, low MP 1
}: 2/15 runes: decaying, gossamer
a: Renounce Religion, Recall Ancestor, Ancestor Identity, Transference, Idealise


You were on level 5 of the Pits of Slime.
You worshipped Hepliaklqana.
Hepliaklqana was exalted by your worship.
You visited 9 branches of the dungeon, and saw 43 of its levels.
You visited the Abyss 1 time.
You also visited: Trove, Sewer and Ice Cave.

You collected 7785 gold pieces.
You spent 2924 gold pieces at shops.

Inventory:

Hand Weapons
 a - the +7 hand cannon "Mule" (weapon) {flame, backblast, rF+}
   (You acquired it on level 4 of the Dungeon)

   rF+:       It protects you from fire.
 b - the +6 broad axe of the Lettuce {drain, Str+3 Int+4 SInv}
   (You took it off a deep elf sorcerer on level 3 of the Elven Halls)

   Str+3:     It affects your strength (+3).
   Int+4:     It affects your intelligence (+4).
   SInv:      It lets you see invisible.
 y - the +8 frozen axe "Frostbite" {freeze, freezing cloud, *Noise Fly rC+}
   (You found it in an ice cave)

   rC+:       It protects you from cold.
   Fly:       It grants you flight.
   *Noise:    It may make a loud noise when swung.
 Q - a +3 longbow of freezing
Missiles
 s - 6 curare-tipped darts
Armour
 j - the +3 pair of mountain boots (worn) {steadfast, rC+}
   (You acquired it on level 4 of the Dungeon)

   Steadfast: It prevents involuntary movement, except for blinking,
   teleportation, or banishment.
   rC+:       It protects you from cold.
 n - the -2 hat of the Alchemist (worn) {rElec rPois rF+ rC+ rN+ Will+ rMut rCorr}
   (You found it on level 3 of the Vaults)

   rF+:       It protects you from fire.
   rC+:       It protects you from cold.
   rElec:     It insulates you from electricity.
   rPois:     It protects you from poison rN+: It protects you from negative
   energy.
   Will+:     It increases your willpower.
   rCorr:     It protects you from acid and corrosion.
   rMut:      It protects you from mutation.
 r - a scarf of repulsion (worn)
 x - the +4 pair of gloves of the Skies Above {rElec Int+3 Stlth+}
   (You found it on level 3 of the Vaults)

   Int+3:     It affects your intelligence (+3).
   rElec:     It insulates you from electricity.
   Stlth+:    It makes you more stealthy.
 A - a +1 kite shield of cold resistance (worn)
 B - the +10 chain mail of Wykiykh (worn) {rN+ Int+3 Dex+3}
   (You found it on level 3 of the Lair of Beasts)

   Int+3:     It affects your intelligence (+3).
   Dex+3:     It affects your dexterity (+3).
   rN+:       It protects you from negative energy.
 F - the +2 pair of gloves of Plasticity (worn) {rN+ Dex+3 Stlth-}
   (You took it off Nikola on level 3 of the Swamp)

   Dex+3:     It affects your dexterity (+3).
   rN+:       It protects you from negative energy.
   Stlth-:    It makes you less stealthy.
 K - the +3 ring mail of Nemelex Xobeh, Telling {MP+9 Dex+3 Slay+2 Stlth+}
   (You found it on level 3 of the Spider Nest)

   Dex+3:     It affects your dexterity (+3).
   Slay+2:    It affects your accuracy & damage with ranged weapons and melee
   (+2).
   MP+9:      It affects your magic capacity (+9).
   Stlth+:    It makes you more stealthy.
Jewellery
 m - a ring of protection from fire
 o - the ring "Jiul" {rC- rN+++ Int+4 Dex-2 SInv}
   (You found it on level 2 of the Swamp)

   [ring of see invisible]

   Int+4:     It affects your intelligence (+4).
   Dex-2:     It affects your dexterity (-2).
   rC-:       It makes you vulnerable to cold.
   rN+++:     It renders you almost immune to negative energy.
   SInv:      It lets you see invisible.
 u - the ring "Bozxih" {rCorr Dex+6}
   (You found it on level 3 of the Vaults)

   [ring of dexterity]

   Dex+6:     It affects your dexterity (+6).
   rCorr:     It protects you from acid and corrosion.
 D - a ring of the Octopus King (left hand) {HP+2 AC+2 EV+2 SH+2 SInv}
   (You bought it in a shop on level 10 of the Dungeon)

   [ring of see invisible]

   AC+2:      It affects your AC (+2).
   EV+2:      It affects your evasion (+2).
   HP+2:      It affects your health (+2).
   SInv:      It lets you see invisible.
   SH+2:      It affects your SH (+2).
 J - a ring of positive energy
 M - the ring of the Hippogriff (right hand) {Will+ Dex+6}
   (You found it in a treasure trove)

   [ring of dexterity]

   Dex+6:     It affects your dexterity (+6).
   Will+:     It increases your willpower.
 N - the ring "Nunighes" {EV+5 Slay+2}
   (You found it in a treasure trove)

   [ring of evasion]

   EV+5:      It affects your evasion (+5).
   Slay+2:    It affects your accuracy & damage with ranged weapons and melee
   (+2).
 R - the amulet "Cofuode" (around neck) {Spirit Slay+3}
   (You found it in a treasure trove)

   [amulet of guardian spirit]

   Spirit:    It causes incoming damage to be divided between your reserves of
   health and magic.
   Slay+3:    It affects your accuracy & damage with ranged weapons and melee
   (+3).
 T - a ring of flight
 U - the ring "Betunah" {rElec Will+ rCorr Int-2 Dex+4}
   (You found it on level 1 of the Elven Halls)

   [ring of willpower]

   Int-2:     It affects your intelligence (-2).
   Dex+4:     It affects your dexterity (+4).
   rElec:     It insulates you from electricity.
   Will+:     It increases your willpower.
   rCorr:     It protects you from acid and corrosion.
Wands
 w - a wand of digging (16)
 G - a wand of roots (42)
 L - a wand of mindburst (60)
 P - a wand of acid (24)
Scrolls
 d - 7 scrolls of teleportation
 g - 8 scrolls of enchant weapon
 i - 4 scrolls of enchant armour
 l - 5 scrolls of fog
 v - 5 scrolls of poison
 z - 4 scrolls of revelation
 X - 3 scrolls of immolation
 Z - 3 scrolls of fear
Potions
 e - 8 potions of brilliance
 h - 2 potions of haste
 k - 5 potions of enlightenment
 p - 19 potions of curing
 q - 4 potions of resistance
 t - 8 potions of lignification
 C - 4 potions of cancellation
 E - 10 potions of ambrosia
 H - 3 potions of heal wounds
 I - 7 potions of mutation
 S - 3 potions of invisibility
 W - 2 potions of berserk rage
 Y - 6 potions of might
Miscellaneous
 c - a phantom mirror (inert)
 f - a lightning rod (4/4)


   Skills:
 + Level 23.1 Fighting
 - Level 2.0 Long Blades
 - Level 15.0 Axes
 O Level 27 Ranged Weapons
 - Level 1.0 Throwing
 + Level 18.9 Armour
 - Level 10.0 Dodging
 - Level 1.0 Stealth
 - Level 12.0 Shields
 - Level 3.0 Spellcasting
 - Level 6.0 Translocations
 - Level 10.0 Invocations
 - Level 3.0 Evocations


You had 25 spell levels left.
You knew the following spells:

 Your Spells              Type           Power      Damage    Failure   Level
x - Blink                 Tloc           28%        N/A       22%         2

Your spell library contained the following spells:

 Spells                   Type           Power      Damage    Failure   Level
 Apportation              Tloc           28%        N/A       14%         1
 Manifold Assault         Tloc           14%        N/A       80%         4
 Passage of Golubria      Tloc           14%        N/A       80%         4
 Volatile Blastmotes      Fire/Tloc      16%        2d11      82%         3
 Freeze                   Ice            4%         1d3       86%         1
 Kiss of Death            Conj/Necr      4%         2d5       86%         1
 Magic Dart               Conj           4%         1d3       86%         1
 Shock                    Conj/Air       4%         1d3       86%         1
 Slow                     Hex            4%         N/A       86%         1
 Call Imp                 Summ           2%         N/A       94%         2
 Cigotuvi's Dreadful Rot  Necr/Alch/Air  2%         N/A       94%         2
 Jinxbite                 Hex            2%         N/A       94%         2
 Static Discharge         Conj/Air       2%         3-4/arc   94%         2
 Sublimation of Blood     Necr           1%         N/A       94%         2
 Call Canine Familiar     Summ           1%         N/A       99%         3
 Confusing Touch          Hex            1%         N/A       99%         3
 Frozen Ramparts          Ice            2%         1d1       99%         3
 Hailstorm                Conj/Ice       1%         3d5       99%         3
 Inner Flame              Hex/Fire       1%         N/A       99%         3
 Sigil of Binding         Hex            1%         N/A       99%         3
 Summon Ice Beast         Ice/Summ       1%         N/A       99%         3
 Swiftness                Air            1%         N/A       99%         3
 Tukima's Dance           Hex            1%         N/A       99%         3
 Vampiric Draining        Necr           1%         2d6       99%         3
 Dimensional Bullseye     Hex/Tloc       4%         N/A       99%         4
 Iskenderun's Mystic Bla  Conj/Tloc      8%         2d4       99%         4
 Airstrike                Air            0%         2d(1-17)  100%        4
 Flame Wave               Conj/Fire      1%         2d4       100%        4
 Fulminant Prism          Conj/Alch      0%         3d5       100%        4
 Ignite Poison            Fire/Alch      1%         N/A       100%        4
 Martyr's Knell           Necr/Summ      1%         N/A       100%        4
 Olgreb's Toxic Radiance  Alch           1%         N/A       100%        4
 Petrify                  Alch/Erth      1%         N/A       100%        4
 Sticky Flame             Fire/Alch      1%         2d4       100%        4
 Summon Lightning Spire   Summ/Air       1%         N/A       100%        4
 Alistair's Intoxication  Alch           0%         N/A       100%        5
 Borgnjor's Vile Clutch   Necr/Erth      0%         N/A       100%        5
 Irradiate                Conj/Alch      0%         3d11      100%        5
 Iskenderun's Battlesphe  Conj           1%         2d6       100%        5
 Silence                  Hex/Air        0%         N/A       100%        5
 Yara's Violent Unravell  Hex/Alch       0%         3d3       100%        5
 Conjure Ball Lightning   Conj/Air       0%         3x3d6     100%        6
 Dispersal                Tloc           7%         N/A       100%        6
 Sculpt Simulacrum        Ice/Alch       0%         N/A       100%        6
 Enfeeble                 Hex            0%         N/A       100%        7
 Ozocubu's Refrigeration  Ice            0%         4d7       100%        7
 Discord                  Hex            0%         N/A       100%        8
 Disjunction              Tloc           7%         N/A       100%        8
 Ignition                 Fire           0%         3d3       100%        8
 Infestation              Necr           0%         N/A       100%        8
 Lehudib's Crystal Spear  Conj/Erth      0%         10d2      100%        8
 Polar Vortex             Ice            0%         N/A       100%        9


Dungeon Overview and Level Annotations

Branches:
Dungeon (15/15)            Temple (0/1) D:6            Lair (5/5) D:11
  Swamp (4/4) Lair:2       Spider (4/4) Lair:2        Slime (5/5) Lair:5
    Orc (2/2) D:10            Elf (3/3) Orc:2        Vaults (4/5) D:13
  Crypt (1/3) Vaults:2     Depths (0/4) D:15          Sewer (visited)
  IceCv (visited)

Altars:
Cheibriados
Dithmenos
Elyvilon
Fedhas
Hepliaklqana
Kikubaaqudgha
Sif Muna
Trog
Vehumet
Xom
Yredelemnul
The Shining One
Jiyva

Shops:
D:1 *=(   D:3 =   D:5 *   D:9 *   D:10 =   Orc:1 =   Orc:2 ?**!   Elf:1 =:=*


Innate Abilities, Weirdness & Mutations

Your life essence is reduced to manifest your ancestor. (-10% HP)
You have a pair of horns on your head.
You reflexively headbutt those who attack you in melee.
Your magical capacity is low. (-10% MP)


Message History

The splash of acid hits the quicksilver ooze.
The quicksilver ooze completely resists.
You block the rockslime's attack. x2
Nindada closely misses the quicksilver ooze.
Nindada barely misses the acid blob.
The ooze engulfing you falls away.
You gasp with relief as air once again reaches your lungs.
You block the acid blob's attack. The rockslime misses you.
The rockslime hits you but does no damage.
As you read the scroll of teleportation, it crumbles to dust.
You feel strangely unstable.
Nindada blocks the quicksilver ooze's attack. x2
Nindada completely misses the quicksilver ooze.
Nindada hits the acid blob with a +0 broad axe of flaming!
Nindada burns the acid blob.
Nindada seems to be corroded for longer.
Nindada is burned by acid!
The acid blob hits you! The acid corrodes you!
You are splashed with acid.
You resist. The rockslime hits you!!
* * * LOW HITPOINT WARNING * * *
You hold your ground!
You block the rockslime's attack.
A rockslime comes into view.
The rockslime jiggles.
You block the rockslime's attack.
You feel much better.
The quicksilver ooze hits Nindada!
The quicksilver ooze hits Nindada.
Nindada's magic leaks into the air.
You block the acid blob's attack. The acid blob hits you.
You are splashed with acid.
You resist.
* * * LOW HITPOINT WARNING * * *
The rockslime hits you!!!
* * * LOW HITPOINT WARNING * * *
You hold your ground!
The rockslime hits you!
* * * LOW HITPOINT WARNING * * *
You hold your ground!
Nindada hits the quicksilver ooze with a +0 broad axe of flaming!!
Nindada burns the quicksilver ooze.
Nindada hits the acid blob with a +0 broad axe of flaming!
Nindada burns the acid blob.
Nindada is burned by acid!
The rockslime hits you!!
You die...

#...# ######=!(#.#.#$?[#####
#...# #####%$/#...#$[/#####
######.###############.##########
#...#...#...#:))#...#...##..#:[)#
#.....#.....#(?$#.....#.....#?=?#
#...#...#...#?)!##..#...#..##$[$#
##.###.###.#######.###.###.######
#...#...#...#JJR#J..#...#...#...#
..#...#...#..J#J@J#..._...#...#..
#...#...#...#JJJ#J..#...#...#...#
##.###.###.#######.###.###.######
#...#...#...# ##..#...#..##?(:#
#.....#.....# $#.....#.....#$$?#
#...#...#...# /#...#...##..#::=#
######.###### #######.##########
#...# ##:/ #...#$))## # #...# ##/
#.#.#)![####


You could see the friendly Nindada the knight (fast, corroded, magic disrupted,
reflecting), 2 acid blobs, an azure jelly, 3 rockslimes and 3 quicksilver oozes.

Vanquished Creatures
  the Lernaean hydra (Swamp:4)
  A golden dragon (Vaults:2)
  Norris (Elf:1)
  A shard shrike zombie (Crypt:1)
  Rupert (D:13)
  A tentacled monstrosity (Swamp:2)
  A lich (Abyss:2)
  The ghost of Woitib the Devastator, an adept GrFE of Vehumet (Vaults:3)
  The ghost of Emuible the Brawler, an adept TrSh of Ru (Swamp:1)
  A deep elf blademaster (Elf:3)
  A sphinx (Vaults:4)
  13 acid blobs
  2 deep elf master archers (Elf:3)
  2 tentacled starspawn (Abyss:2)
  Agnes (Spider:3)
  A tengu reaver (Vaults:4)
  Donald (Swamp:3)
  7 azure jellies
  A fenstrider witch (Swamp:4)
  The ghost of justen the Victor of a Thousand Battles, a journeyman HOFi of Okawaru (Swamp:2)
  2 deep elf sorcerers
  3 deep elf elementalists (Elf:3)
  9 rockslimes
  2 emperor scorpions
  A frost giant (IceCv)
  A ghost moth (Spider:4)
  The ghost of DeathSocks the Carver, an adept VSGl of Elyvilon (Swamp:3)
  8 vault wardens
  A stone giant (Vaults:4)
  A ghoul (Swamp:1)
  4 formless jellyfish
  6 ironbound preservers
  12 quicksilver oozes
  6 ironbound thunderhulks
  3 broodmothers
  A vampire knight (Crypt:1)
  2 eleionomae
  4 deep elf demonologists (Elf:3)
  2 deep elf death magi
  10 deep elf annihilators
  4 dire elephants
  6 bunyips
  Snorg (D:10)
  A crystal guardian (Vaults:4)
  An ettin (Orc:2)
  An eidolon (Crypt:1)
  6 entropy weavers
  2 fire dragons (D:15)
  2 deep elf high priests (Elf:3)
  A spriggan zombie (Crypt:1)
  The ghost of jasper the Nimble, a journeyman DECA of Vehumet (Lair:5)
  8 great orbs of eyes
  9 yaktaur captains
  Erolcha (Orc:1)
  3 ghost crabs
  4 vault guards
  A peacekeeper (Vaults:4)
  11 hydras
  3 ogre magi
  3 catoblepae
  6 alligators
  4 centaur warriors
  3 ironbound frosthearts
  10 two-headed ogres
  3 radroaches
  3 jorogumos
  22 dancing weapons
  5 death scarabs (Spider:4)
  6 boulder beetles
  2 vampire magi (Crypt:1)
  3 orc high priests (Orc:2)
  15 death yaks
  A thrashing horror (Abyss:2)
  6 demonic crawlers
  4 spriggans
  12 deep elf knights
  2 skysharks (Orc:2)
  A wretched star (Abyss:2)
  15 skeletal warriors
  A spectral death yak (Lair:5)
  A sixfirhy (Abyss:2)
  2 pharaoh ants
  3 goliath frogs (Swamp:2)
  5 large abominations (Abyss:2)
  3 spriggan druids
  8 orb spiders
  3 sun moths
  An orc knight (Orc:2)
  A glowing orange brain (Vaults:3)
  24 deep trolls
  5 deep elf archers
  A spectral jorogumo (Spider:4)
  10 ironbound convokers
  27 deep elf zephyrmancers
  3 harpies (Vaults:4)
  4 spectral wolf spiders (Spider:4)
  9 swamp dragons
  2 wolf spider zombies (Spider:4)
  11 lindwurms
  4 arcanists
  A bog body (Swamp:2)
  16 deep elf pyromancers
  4 necromancers
  11 steelbarb worms
  An orc sorcerer (Elf:3)
  13 ugly things
  4 oklob plants (D:11)
  A human zombie (Vaults:1)
  A stone giant zombie (Vaults:1)
  5 manticores
  5 will-o-the-wisps
  An alligator skeleton (Abyss:2)
  8 shining eyes
  10 wolf spiders
  2 stone giant skeletons
  3 cyclopes
  6 meliai
  Joseph (D:8)
  4 moths of wrath
  7 black mambas
  2 centaur zombies (D:10)
  2 kobold blastminers (Orc:1)
  15 vault sentinels
  2 elephants (Lair:5)
  An ice statue (IceCv)
  3 torpor snails
  12 cane toads
  5 eyes of devastation
  A redback zombie (Spider:4)
  2 freezing wraiths
  16 yaktaurs
  2 spectral redbacks (Spider:4)
  3 unseen horror zombies (D:10)
  9 rime drakes
  6 komodo dragons
  3 ancient zymes (Abyss:2)
  7 trolls
  4 polar bears
  A bloated husk (Swamp:4)
  19 tyrant leeches
  24 tarantellas
  A queen bee (D:11)
  3 glass eyes
  A death drake zombie (Crypt:1)
  2 culicivora zombies (Spider:4)
  A spectral jumping spider (Spider:4)
  3 tarantella zombies (Spider:4)
  5 hornets
  11 blink frogs
  3 spectral tarantellas (Spider:4)
  2 dream sheep
  3 jumping spider zombies (Spider:4)
  An ettin zombie (Crypt:1)
  A centaur simulacrum (D:11)
  21 jumping spiders
  78 slime creatures
  5 water elementals
  3 air elementals (Elf:2)
  6 culicivoras
  2 shadows
  41 yaks
  4 ynoxinuls
  A vampire (D:10)
  A wyvern (shapeshifter) (D:11)
  3 wraiths
  5 wyverns
  18 humans
  52 redbacks
  5 golden eyes
  6 basilisks
  2 neqoxecs (Abyss:2)
  3 fire elementals
  21 vampire mosquitoes
  9 wargs
  A spectral komodo dragon (Lair:5)
  A steam dragon (Lair:5)
  Grum (D:10)
  A chaos spawn (Abyss:2)
  11 swamp worms
  7 water moccasins
  6 swamp drakes
  2 acid dragons
  16 orc warriors
  4 black bears
  14 ogres
  A black mamba simulacrum (Lair:5)
  9 laughing skulls
  An ice beast (D:7)
  17 wolves
  4 centaurs
  4 kobold brigands
  3 brain worms
  4 gnoll sergeants
  10 bullfrogs
  2 earth elementals (Elf:1)
  5 scorpions
  8 wights (D:7)
  33 killer bees
  8 howler monkeys
  5 electric eels
  3 hounds
  A bombardier beetle (D:6)
  2 jellies
  A gnoll bouda (D:2)
  19 orc priests
  Ijyb (D:5)
  An iron imp (Abyss:2)
  Jessica (D:2)
  6 iguanas
  2 sleepcaps
  10 orc wizards
  An acid dragon skeleton (Crypt:1)
  A hound skeleton (Crypt:1)
  A howler monkey zombie (D:10)
  9 adders
  17 gnolls
  6 river rats (Sewer)
  A white imp (D:8)
  10 ufetubi
  A jelly zombie (Crypt:1)
  3 dart slugs
  2 ribbon worms
  58 orcs
  4 bats
  6 endoplasms
  6 giant cockroaches
  4 goblins
  7 hobgoblins
  3 jackals (D:2)
  7 quokkas
  8 ball pythons
  5 frilled lizards
  22 kobolds
  25 rats
1437 creatures vanquished.

Vanquished Creatures (collateral kills)
  the Royal Jelly (Slime:5)
  An ancient lich (Vaults:3)
  Nikola (Swamp:3)
  2 liches (Vaults:3)
  Jorgrun (D:14)
  2 acid blobs (Slime:5)
  2 azure jellies
  2 rockslimes
  2 deep elf sorcerers
  Louise (Elf:1)
  2 vault wardens (Vaults:4)
  2 deep elf elementalists
  A quicksilver ooze (Slime:5)
  A formless jellyfish (Slime:5)
  A broodmother (Spider:3)
  4 ironbound preservers
  A very ugly thing (Vaults:4)
  An ironbound thunderhulk (Vaults:4)
  3 deep elf death magi (Elf:3)
  3 dire elephants (Vaults:3)
  3 eleionomae
  A war gargoyle (Vaults:4)
  A bunyip (Swamp:4)
  2 jiangshi (Crypt:1)
  3 great orbs of eyes
  A spriggan zombie (Crypt:1)
  A vault guard (Vaults:4)
  An ice dragon (Lair:5)
  An ogre mage (Orc:2)
  2 hydras
  2 alligators
  3 ironbound frosthearts
  A centaur warrior (D:13)
  4 two-headed ogres
  5 dancing weapons (Elf:2)
  An occultist (D:11)
  A death yak (IceCv)
  3 deep elf knights
  A spriggan (Swamp:2)
  2 skeletal warriors
  A skyshark (Orc:2)
  A spriggan druid (Swamp:2)
  A glowing orange brain (Vaults:4)
  4 swamp dragons
  An orb spider (Spider:4)
  A deep troll (Vaults:3)
  A lindwurm (Lair:5)
  2 wolf spiders (Spider:4)
  2 deep elf pyromancers (Elf:2)
  4 ugly things
  A moth of wrath (Spider:2)
  A large abomination (Abyss:2)
  3 meliai (Spider:3)
  A centaur zombie (D:10)
  3 vault sentinels
  A smoke demon (Abyss:2)
  A torpor snail (Spider:2)
  A rime drake (Lair:5)
  A komodo dragon (D:11)
  A redback zombie (Spider:4)
  7 yaktaurs
  A green draconian skeleton (Crypt:1)
  2 trolls
  A polar bear (IceCv)
  A spectral jumping spider (Spider:4)
  A tarantella (Spider:2)
  2 hornets
  2 dream sheep
  5 blink frogs
  An ettin zombie (Vaults:1)
  4 tyrant leeches
  30 slime creatures
  An air elemental (Elf:2)
  2 wraiths (D:10)
  A shadow (D:10)
  A vampire (D:10)
  6 culicivoras
  3 golden eyes
  A basilisk (Lair:5)
  A water elemental (Elf:2)
  2 humans (D:13)
  6 yaks
  A vampire mosquito (D:10)
  A spectral komodo dragon (Lair:5)
  3 steam dragons
  A death yak simulacrum (Lair:5)
  12 redbacks
  4 swamp worms
  An acid dragon (D:11)
  A swamp drake (Swamp:4)
  3 orc warriors
  A spectral torpor snail (Lair:5)
  An ogre (Orc:1)
  2 wolves (IceCv)
  A kobold brigand (D:10)
  A bullfrog (Lair:2)
  A wight (D:7)
  4 killer bees (D:11)
  4 orc priests
  An iron imp (Abyss:2)
  A hell rat (Lair:5)
  3 orc wizards
  2 ufetubi
  24 orcs
  A quokka (D:4)
  A goblin skeleton (D:9)
  2 kobolds
  2 butterflies (Lair:2)
  2 starspawn tentacles (Abyss:2)
267 creatures vanquished.

Vanquished Creatures (others)
  Asterion (D:13)
  A vault warden (Vaults:3)
  A yaktaur captain (Vaults:4)
  A centaur warrior (Vaults:4)
  A yaktaur (Vaults:3)
  A bloated husk (Swamp:3)
  A steam dragon (Lair:5)
  A redback (Spider:2)
  A swamp worm (Swamp:3)
  A laughing skull (Abyss:2)
  45 knights
  5 ancestors
  12 foxfires
  4 starspawn tentacles (Abyss:2)
76 creatures vanquished.

Grand Total: 1780 creatures vanquished

Notes
Turn   | Place    | Note
-------+----------+-------------------------------------------
     0 | D:1      | Lobster4 the Minotaur Hunter began the quest for the Orb.
     0 | D:1      | Reached XP level 1. HP: 18/18 MP: 0/0
    32 | D:1      | Found Giyshum's Antique Weapon Emporium.
   167 | D:1      | Reached skill level 1 in Stealth
   202 | D:1      | Reached XP level 2. HP: 25/25 MP: 1/1
   306 | D:1      | Found Olapnafo's General Store.
   388 | D:1      | Found Archoesann's Jewellery Emporium.
   576 | D:2      | Reached skill level 1 in Armour
   712 | D:2      | Reached XP level 3. HP: 30/30 MP: 2/2
   933 | D:2      | Noticed Jessica
   938 | D:2      | Killed Jessica
   939 | D:2      | Reached skill level 5 in Ranged Weapons
   971 | D:2      | Reached XP level 4. HP: 38/38 MP: 3/3
  1614 | D:3      | Noticed a scorpion
  1632 | D:3      | Killed a scorpion
  1633 | D:3      | Reached XP level 5. HP: 44/45 MP: 4/4
  1648 | D:3      | Found Sipneq's Jewellery Boutique.
  1805 | D:2      | Reached skill level 6 in Ranged Weapons
  2599 | D:3      | Found a shimmering blue altar of Sif Muna.
  2599 | D:3      | Found a glowing golden altar of the Shining One.
  2599 | D:3      | Found a bloodstained altar of Trog.
  2612 | D:3      | Found a radiant altar of Vehumet.
  2622 | D:3      | Found a hazy altar of Hepliaklqana.
  2629 | D:3      | Became a worshipper of Hepliaklqana the Forgotten
  2776 | D:1      | Bought a +0 pair of boots for 58 gold pieces
  2781 | D:1      | Bought a potion of heal wounds for 65 gold pieces
  2887 | D:4      | Identified 2 scrolls of acquirement
  2887 | D:4      | Acquired the +7 hand cannon "Mule" {flame, backblast, rF+}
  2887 | D:4      | Found the +7 hand cannon "Mule" {flame, backblast, rF+}
  2889 | D:4      | Acquired the +3 pair of mountain boots {steadfast, rC+}
  2889 | D:4      | Found the +3 pair of mountain boots {steadfast, rC+}
  2921 | D:4      | Noticed a black bear
  2952 | D:4      | Found a glowing drain.
  2959 | D:4      | Reached skill level 1 in Throwing
  2963 | D:4      | Reached XP level 6. HP: 52/52 MP: 5/5
  2966 | Sewer    | Entered a sewer
  3188 | Sewer    | Reached skill level 1 in Shields
  3246 | Sewer    | Reached skill level 1 in Invocations
  3276 | Sewer    | Reached XP level 7. HP: 60/60 MP: 5/7
  3423 | Sewer    | Reached skill level 7 in Ranged Weapons
  3755 | D:4      | Reached skill level 5 in Fighting
  4174 | D:4      | Reached XP level 8. HP: 68/68 MP: 8/8
  4197 | D:4      | Reached * piety under Hepliaklqana
  4231 | D:4      | Found a white marble altar of Elyvilon.
  4294 | D:4      | Found a shadowy altar of Dithmenos.
  4427 | D:5      | Entered Level 5 of the Dungeon
  4522 | D:5      | Reached skill level 8 in Ranged Weapons
  4729 | D:5      | Found Jewnaov's Overcharged Wands.
  4805 | D:5      | Noticed Ijyb
  4808 | D:5      | Killed Ijyb
  4809 | D:5      | Reached skill level 5 in Armour
  5094 | D:6      | Found a staircase to the Ecumenical Temple.
  5118 | D:6      | Reached ** piety under Hepliaklqana
  5804 | D:7      | Reached XP level 9. HP: 67/67 MP: 10/10
  5809 | D:7      | Reached skill level 1 in Long Blades
  5966 | D:7      | Reached skill level 9 in Ranged Weapons
  6265 | D:7      | Reached skill level 5 in Shields
  6663 | D:8      | Noticed Joseph
  6668 | D:8      | Killed Joseph
  6693 | D:8      | Reached *** piety under Hepliaklqana
  6868 | D:8      | Found a snail-covered altar of Cheibriados.
  6934 | D:8      | Reached skill level 10 in Ranged Weapons
  7162 | D:9      | Found a runed translucent door.
  7177 | D:9      | Found Ifeiq's General Store.
  7184 | D:9      | Reached XP level 10. HP: 77/77 MP: 12/12
  7202 | D:9      | Reached skill level 5 in Invocations
  7229 | D:9      | Bought a scroll of identify for 34 gold pieces
  7512 | D:9      | Reached **** piety under Hepliaklqana
  7597 | D:9      | Found a basalt altar of Yredelemnul.
  7855 | D:10     | Entered Level 10 of the Dungeon
  7855 | D:10     | Noticed Snorg
  7860 | D:9      | Reached skill level 11 in Ranged Weapons
  7908 | D:10     | Found Jozxyw's Jewellery Shoppe.
  8080 | D:1      | Bought a slimy whip for 180 gold pieces
  8080 | D:1      | Identified the +3 whip of Nuitollomp {freeze, Will+ Int+3}
                  | (You bought it in a shop on level 1 of the Dungeon)
  8213 | D:9      | Reached skill level 1 in Axes
  8213 | D:9      | Remembered your ancestor Nindada as a knight
  8293 | D:10     | Noticed a two-headed ogre
  8296 | D:10     | Killed a two-headed ogre
  8310 | D:10     | Killed Snorg
  8335 | D:10     | Reached XP level 11. HP: 85/85 MP: 14/14
  8407 | D:10     | Identified the +0 leather armour of Ignis's Favour {Fly
                  | rPois rCorr Int-2}
  8434 | D:10     | Noticed Grum
  8439 | D:10     | Killed Grum
  8440 | D:10     | Reached skill level 5 in Axes
  8474 | D:10     | Reached skill level 12 in Ranged Weapons
  8675 | D:10     | Found a staircase to the Orcish Mines.
  8851 | D:10     | Found a shimmering altar of Xom.
  8858 | D:10     | Found a blossoming altar of Fedhas.
  9268 | D:11     | Noticed a boulder beetle
  9477 | D:11     | Reached skill level 1 in Evocations
  9478 | D:11     | Reached skill level 13 in Ranged Weapons
  9490 | D:11     | Reached skill level 10 in Fighting
  9491 | D:11     | Reached XP level 12. HP: 36/95 MP: 16/16
  9568 | D:11     | Noticed a two-headed ogre
  9574 | D:11     | Killed a two-headed ogre
  9582 | D:11     | Killed a boulder beetle
  9658 | D:11     | Reached ***** piety under Hepliaklqana
  9660 | D:11     | Noticed a two-headed ogre
  9664 | D:11     | Killed a two-headed ogre
  9665 | D:11     | Reached skill level 5 in Dodging
  9713 | D:11     | Noticed a boulder beetle
  9734 | D:11     | Killed a boulder beetle
  9907 | D:11     | Found a staircase to the Lair.
 10061 | D:11     | Reached skill level 10 in Armour
 10147 | D:11     | Noticed a two-headed ogre
 10150 | D:11     | Killed a two-headed ogre
 10445 | Lair:1   | Entered Level 1 of the Lair of Beasts
 10745 | Lair:1   | Reached skill level 14 in Ranged Weapons
 11079 | Lair:2   | Identified the orb "Ymogicke" {mayhem, rF- Int+6}
 11118 | Lair:2   | Found a hole to the Spider Nest.
 11409 | Lair:2   | Noticed a death yak
 11410 | Lair:2   | Noticed a death yak
 11410 | Lair:2   | Noticed a death yak
 11415 | Lair:2   | Noticed a death yak
 11417 | Lair:2   | Noticed a death yak
 11417 | Lair:2   | Noticed a death yak
 11450 | Lair:2   | Killed a death yak
 11451 | Lair:2   | Reached XP level 13. HP: 104/104 MP: 17/17
 11473 | Lair:2   | Reached skill level 10 in Shields
 11858 | Lair:2   | Found a staircase to the Swamp.
 12176 | Lair:3   | Identified the +10 chain mail of Wykiykh {rN+ Int+3 Dex+3}
 12636 | Lair:3   | Reached skill level 15 in Ranged Weapons
 12641 | Lair:3   | Reached ****** piety under Hepliaklqana
 13752 | Lair:5   | Entered Level 5 of the Lair of Beasts
 13838 | Lair:5   | Found a frozen archway.
 13855 | Lair:5   | Identified the +2 great mace of Beogh's Supremacy {flame,
                  | ^Contam Fly rElec Dex+3}
 13865 | IceCv    | Entered an ice cave
 14047 | IceCv    | Reached XP level 14. HP: 106/113 MP: 19/19
 14060 | IceCv    | Noticed a frost giant
 14070 | IceCv    | Killed a frost giant
 14200 | IceCv    | Found the +8 frozen axe "Frostbite" {freeze, freezing
                  | cloud, *Noise Fly rC+}
 14327 | IceCv    | Reached skill level 16 in Ranged Weapons
 14682 | Lair:5   | Found a runed translucent gate.
 14682 | Lair:5   | Found a runed translucent gate.
 14682 | Lair:5   | Found a runed translucent gate.
 14683 | Lair:5   | Noticed jasper's ghost (journeyman DECA)
 15185 | Lair:5   | Found a staircase to the Slime Pits.
 16070 | Orc:1    | Entered Level 1 of the Orcish Mines
 16228 | Orc:1    | Found Mant's Jewellery Boutique.
 16386 | Orc:2    | Entered Level 2 of the Orcish Mines
 16499 | Orc:2    | Found a staircase to the Elven Halls.
 16507 | Orc:1    | Noticed Erolcha
 16507 | Abyss:2  | Cast into level 2 of the Abyss (Erolcha)
 16519 | Abyss:2  | Found a corrupted altar of Lugonu.
 16649 | Abyss:2  | Noticed a lich
 16652 | Abyss:2  | Killed a lich
 16653 | Abyss:2  | Reached skill level 17 in Ranged Weapons
 16689 | Abyss:2  | Noticed a lich
 16693 | Abyss:2  | Gained mutation: You do not regenerate when monsters are
                  | visible. [a neqoxec]
 16763 | Abyss:2  | Lost intelligence.
 16773 | Abyss:2  | Lost mutation: You do not regenerate when monsters are
                  | visible. [potion of mutation]
 16813 | Abyss:2  | Noticed a tentacled starspawn
 16818 | Abyss:2  | Killed a tentacled starspawn
 17014 | Abyss:2  | Noticed a tentacled starspawn
 17026 | Abyss:2  | Killed a tentacled starspawn
 17027 | Abyss:2  | Reached XP level 15. HP: 85/122 MP: 21/21
 17072 | Orc:1    | Escaped the Abyss
 17077 | Orc:1    | Killed Erolcha
 17623 | Orc:2    | Reached skill level 10 in Invocations
 17864 | Orc:2    | Reached skill level 10 in Dodging
 17896 | Orc:2    | Found Eseatit's General Store.
 17896 | Orc:2    | Found Yqudoa Eqar's Magic Scroll Shop.
 17901 | Orc:2    | Bought a potion of degeneration for 15 gold pieces
 17904 | Orc:2    | Bought a scroll of noise for 15 gold pieces
 17919 | Orc:2    | Bought a scroll of vulnerability for 60 gold pieces
 17919 | Orc:2    | Bought a scroll of identify for 30 gold pieces
 17956 | Orc:2    | Found Gangiu Efra's Assorted Antiques.
 17962 | Orc:2    | Bought a scroll labelled SIEGAJOLAE for 26 gold pieces
 17973 | Orc:2    | Found Ochudgh's Distillery.
 18214 | D:10     | Bought a ring of the Octopus King {HP+2 AC+2 EV+2 SH+2
                  | SInv} for 719 gold pieces
 18214 | D:10     | Found the ring of the Octopus King {HP+2 AC+2 EV+2 SH+2
                  | SInv}
 19136 | D:12     | Reached skill level 18 in Ranged Weapons
 20016 | D:13     | Noticed Rupert
 20027 | D:13     | Killed Rupert
 20292 | D:13     | Found a gate to the Vaults.
 20572 | D:14     | Noticed Jorgrun
 20601 | D:14     | Killed Jorgrun
 20774 | D:14     | Found a portal to a secret trove of treasure.
 20949 | D:14     | Reached XP level 16. HP: 132/132 MP: 22/22
 21043 | D:14     | Reached skill level 19 in Ranged Weapons
 21250 | D:15     | Entered Level 15 of the Dungeon
 21604 | D:15     | Found a blossoming altar of Fedhas.
 21654 | D:15     | Reached skill level 15 in Fighting
 21930 | D:15     | Found a staircase to the Depths.
 22280 | Orc:2    | Bought a scroll of enchant armour for 195 gold pieces
 22480 | D:14     | You paid a toll of +4 fire dragon scales to enter a
                  | treasure trove
 22481 | Trove    | Entered a treasure trove
 22485 | Trove    | Identified the amulet "Cofuode" {Spirit Slay+3}
 22498 | Trove    | Identified the ring of the Hippogriff {Will+ Dex+6}
 22500 | Trove    | Identified the ring "Nunighes" {EV+5 Slay+2}
 22508 | Trove    | Identified the ring "Aliturel" {Fire rElec Dex+5}
 22757 | Elf:1    | Entered Level 1 of the Elven Halls
 22758 | Elf:1    | Noticed Norris
 22929 | Spider:1 | Entered Level 1 of the Spider Nest
 24076 | Spider:2 | Reached skill level 20 in Ranged Weapons
 24826 | Orc:2    | Bought a potion of experience for 600 gold pieces
 24826 | Orc:2    | Reached XP level 17. HP: 142/142 MP: 23/23
 25803 | Spider:3 | Noticed Agnes
 25811 | Spider:3 | Killed Agnes
 25857 | Spider:3 | Identified the +10 morningstar of the Gnashing Enemy
                  | {venom, +Blink rElec}
 25957 | Spider:3 | Acquired 1355 gold pieces
 25986 | Spider:3 | Identified the +3 ring mail of Nemelex Xobeh, Telling {MP+9
                  | Dex+3 Slay+2 Stlth+}
 26124 | Spider:3 | Learned a level 2 spell: Blink
 26202 | Spider:3 | Reached skill level 21 in Ranged Weapons
 26538 | Spider:4 | Entered Level 4 of the Spider Nest
 26597 | Spider:4 | Reached XP level 18. HP: 151/151 MP: 24/24
 26704 | Spider:3 | Reached skill level 1 in Translocations
 26913 | Spider:3 | Reached skill level 1 in Spellcasting
 27668 | Spider:4 | Reached skill level 10 in Axes
 27941 | Spider:4 | Reached skill level 15 in Armour
 28208 | Spider:4 | Got a gossamer rune of Zot
 28647 | Vaults:1 | Entered Level 1 of the Vaults
 28695 | Vaults:1 | Noticed Asterion
 29431 | D:13     | Killed Asterion
 30089 | Vaults:1 | Reached skill level 22 in Ranged Weapons
 31044 | Vaults:2 | Reached XP level 19. HP: 129/160 MP: 25/25
 31320 | Vaults:2 | Found an ancient bone altar of Kikubaaqudgha.
 31402 | Vaults:2 | Found a staircase to the Crypt.
 31402 | Vaults:2 | Found a basalt altar of Yredelemnul.
 31481 | Vaults:2 | Noticed a golden dragon
 31502 | Vaults:2 | Killed a golden dragon
 31948 | Vaults:3 | Found a runed translucent gate.
 31948 | Vaults:3 | Found a runed translucent gate.
 31948 | Vaults:3 | Found an ancient bone altar of Kikubaaqudgha.
 31948 | Vaults:3 | Found a runed translucent gate.
 31948 | Vaults:3 | Found the -2 hat of the Alchemist {rElec rPois rF+ rC+ rN+
                  | Will+ rMut rCorr}
 31948 | Vaults:3 | Noticed an ancient lich
 31948 | Vaults:3 | Noticed an ancient lich
 31949 | Vaults:3 | Noticed Woitib's ghost (adept GrFE)
 32042 | Vaults:3 | Reached skill level 23 in Ranged Weapons
 33907 | Vaults:4 | Reached skill level 24 in Ranged Weapons
 35193 | Vaults:4 | Reached XP level 20. HP: 171/171 MP: 26/26
 35339 | Crypt:1  | Entered Level 1 of the Crypt
 36268 | Swamp:1  | Entered Level 1 of the Swamp
 36296 | Lair:2   | Reached skill level 25 in Ranged Weapons
 36696 | Swamp:1  | Identified the ring of Meuj {rPois Will+ EV+5}
 36705 | Swamp:1  | Found a runed translucent door.
 36705 | Swamp:1  | Identified the +11 trident of the Slime-mould {freeze,
                  | *Rage Int+3 Stlth+}
 36705 | Swamp:1  | Identified the +1 ring mail "Xuxim" {Dex+3}
 36707 | Swamp:1  | Noticed Emuible's ghost (adept TrSh)
 37105 | Swamp:2  | Found a transporter.
 37105 | Swamp:2  | Noticed justen's ghost (journeyman HOFi)
 37116 | Swamp:2  | Identified the +5 scale mail of Fun and Games {+Blink rPois
                  | rC++ Slay-5}
 37282 | Swamp:2  | Found a transporter.
 37734 | Swamp:3  | Found a runed translucent door.
 37737 | Swamp:3  | Noticed DeathSocks's ghost (adept VSGl)
 37804 | Swamp:3  | Noticed Donald
 37814 | Swamp:3  | Killed Donald
 37953 | Swamp:3  | Identified the +2 pair of gloves of Plasticity {rN+ Dex+3
                  | Stlth-}
 37953 | Swamp:3  | Noticed Nikola
 37958 | Swamp:3  | Killed Nikola
 38248 | Swamp:3  | Killed DeathSocks's ghost
 38268 | Swamp:4  | Entered Level 4 of the Swamp
 38915 | Swamp:4  | Noticed the 27-headed Lernaean hydra
 38920 | Swamp:4  | Killed the 27-headed Lernaean hydra
 39162 | Swamp:4  | Got a decaying rune of Zot
 39721 | D:5      | Bought a wand of digging (11) for 693 gold pieces
 40062 | Lair:5   | Killed jasper's ghost
 40266 | Swamp:1  | Killed Emuible's ghost
 40280 | Swamp:1  | Identified the +3 glaive of Instant Death {heavy, rPois
                  | rCorr Int-2}
 40495 | Swamp:2  | Killed justen's ghost
 40513 | Swamp:2  | Identified the ring "Jiul" {rC- rN+++ Int+4 Dex-2 SInv}
 40517 | Swamp:2  | Identified the +1 shortbow of Lugol {elec, *Corrode rN+
                  | Int+4}
 40715 | Orc:2    | Bought a scroll of teleportation for 45 gold pieces
 40715 | Orc:2    | Bought 2 scrolls of teleportation for 90 gold pieces
 41041 | Vaults:3 | Killed Woitib's ghost
 41112 | Vaults:3 | Identified the +0 hand axe "Ryschoo" {speed, Will+ Int+3}
 41113 | Vaults:3 | Identified the ring "Bozxih" {rCorr Dex+6}
 41117 | Vaults:3 | Identified the +4 pair of gloves of the Skies Above {rElec
                  | Int+3 Stlth+}
 41121 | Vaults:3 | Got Kikubaaqudgha's Precepts of Bones
 41130 | Vaults:3 | Killed an ancient lich
 41131 | Vaults:3 | Reached XP level 21. HP: 105/181 MP: 15/27
 41612 | Elf:1    | Killed Norris
 41842 | Elf:1    | Found Moaf's Jewellery Boutique.
 41844 | Elf:1    | Found Ullev's Book Emporium.
 41845 | Elf:1    | Found Onen's Jewellery Boutique.
 41892 | Elf:1    | Reached skill level 26 in Ranged Weapons
 41925 | Elf:1    | Noticed Louise
 41939 | Elf:1    | Killed Louise
 41981 | Elf:1    | Identified the ring "Betunah" {rElec Will+ rCorr Int-2
                  | Dex+4}
 42041 | Elf:1    | Found Jynk's Assorted Antiques.
 42073 | Elf:1    | Bought a scroll of teleportation for 99 gold pieces
 42157 | Elf:1    | Reached skill level 5 in Translocations
 42303 | Elf:1    | Got Sif Muna's Omnibus of Familiar Arcane Weapons
 42564 | Elf:2    | Paralysed by an air elemental for 1 turns
 42650 | Elf:2    | Found a runed translucent gate.
 42651 | Elf:2    | Found a runed translucent gate.
 42653 | Elf:2    | Found a runed translucent gate.
 43450 | Elf:3    | Entered Level 3 of the Elven Halls
 44237 | Elf:3    | Reached skill level 15 in Axes
 44269 | Elf:3    | Identified the +6 rapier "Geextes" {flame, rC+}
 44489 | Elf:3    | Identified the +6 broad axe of the Lettuce {drain, Str+3
                  | Int+4 SInv}
 44489 | Elf:3    | Identified the ring "Guloilyq" {rElec rPois rC+ Will+
                  | Dex-3}
 44496 | Elf:3    | Identified the +1 halberd "Ytirim" {freeze, rF- Str+4
                  | Dex+2}
 44497 | Elf:3    | Identified the +10 spear "Emogiom" {flame, *Slow rPois
                  | rF+++ Int+4}
 44545 | Elf:3    | Identified the +4 dire flail "Burar" {flame, rCorr}
 44545 | Elf:3    | Identified the +0 robe "Rokkad" {Int+4 Dex-4 Slay+6}
 44554 | Elf:3    | Reached skill level 27 in Ranged Weapons
 44659 | Elf:3    | Identified the +0 plate armour of Squeaky Amelioration
                  | {-Cast Will+ Str+3}
 44668 | Elf:3    | Identified the staff "Onwaemoy" {+Blink Stlth- Air Earth}
 44735 | Elf:3    | Upgraded the game from 0.31-a0-1589-g8f5e8aebd6 to
                  | 0.31-a0-1591-g515db51633
 45040 | Slime:1  | Entered Level 1 of the Pits of Slime
 45500 | Slime:2  | Reached XP level 22. HP: 193/193 MP: 28/28
 46897 | Slime:4  | Gained mutation: You have large cloven feet. [a shining
                  | eye]
 47214 | Slime:5  | Entered Level 5 of the Pits of Slime
 47473 | Slime:5  | Found a viscous altar of Jiyva.
 47473 | Slime:5  | Noticed the Royal Jelly
 47923 | Slime:5  | Gained mutation: You do not regenerate when monsters are
                  | visible. [a shining eye]
 47998 | Slime:5  | Lost mutation: You have large cloven feet. [potion of
                  | mutation]
 47998 | Slime:5  | Lost mutation: You do not regenerate when monsters are
                  | visible. [potion of mutation]
 47998 | Slime:5  | Gained mutation: Your magical capacity is low. (-10% MP)
                  | [potion of mutation]
 48266 | Slime:5  | Killed the Royal Jelly
 48272 | Slime:5  | Mangled by a rockslime

Illustrated notes

Levels and vault maps discovered:
D:1:      minmay_arrival_solitary_statue, layout_basic, serial_shops,
          nicolae_shop_tiny_statue_garden, shop, shop
D:2:      wander_river, layout_basic, uniq_jessica
D:3:      layout_loops_ring, minmay_overflow_temple_star_hex, serial_shops,
          nicolae_shop_trees
D:4:      nicolae_cairo_tiling_large, layout_loops_ring,
          mainiacjoe_overflow_cross_hatched,
          nicolae_dithmenos_through_a_glass_darkly, portal_sewer_entry_f,
          grunt_ministairs_11, minmay_rat_hole
D:5:      layout_gridville, nicolae_shop_overcharged_wands, uniq_ijyb
D:6:      layout_basic, temple_hall, nicolae_zen_rock_garden
D:7:      layout_loops_corners
D:8:      layout_rooms, mainiacjoe_overflow_24_doors, uniq_joseph
D:9:      layout_basic, dk_yredelemnul_ordeal, serial_shops,
          nicolae_diamond_shop, minmay_misc_feat_hallway,
          kennysheep_generic_room_10
D:10:     layout_gridville, amethyst_overflow_temple_binary,
          kennysheep_orc_monster_closet_entryway, serial_undead,
          serial_undead_d, serial_undead_b, serial_undead_d, serial_undead_d,
          serial_shops, nicolae_stop_n_shop_1, uniq_grum, uniq_snorg
D:11:     hangedman_what_comes_after_a, layout_stronghold, david_lair_shrubbed,
          serial_glass, glass_columns_a, glass_columns_b, minivault_21,
          nicolae_fort_ynox
D:12:     nzn_motion_control, layout_basic, dk_noncrumbling_2
D:13:     layout_basic, grunt_vaults_entry_tiered, evilmike_minifort,
          uniq_rupert
D:14:     layout_loops_cross, enter_trove_0, uniq_jorgrun
D:15:     grunt_enter_depths_hoard, layout_loops_ring, fedhas_altar_2,
          eino_tiny_chamber
Lair:1:   layout_roguey
Lair:2:   layout_loops_ring, mainiacjoe_swamp_entry_angry_trees,
          spider_nest_entry_web_field, serial_bayou_lake_a, lemuel_fruit_fields
Lair:3:   layout_chaotic_city, grunt_megastairs_1
Lair:4:   layout_small_grid, chequers_serial_rivers_micro_d
Lair:5:   hangedman_lair_in_review, layout_long_grid, guppyfry_lair_end_dragon,
          minmay_slime_entry_pillars, gammafunk_ghost_necromancy,
          portal_ice_cave_entry_pillars_2
Swamp:1:  layout_basic_swamp, ebering_ghost_funeral_grove, serial_swamp_ruin,
          evilmike_swamp_ruin_rubble_1, evilmike_swamp_ruin_house_1,
          swamp_pool_1_2, nicolae_swamp_vermiculated
Swamp:2:  layout_basic_swamp, gammafunk_ghost_berserking_beasts,
          evilmike_swamp_ruin_house_3
Swamp:3:  layout_basic_swamp, ebering_ghost_reflecting_pool,
          evilmike_swamp_ruin_house_2, nicolae_swamp_long_stream, uniq_donald,
          uniq_nikola
Swamp:4:  swamp_old_school, layout_basic_swamp, swamp_pool_1_2
Spider:1: layout_spider_delve, drop_trap, guppyfry_spider_mini_1
Spider:2: layout_spider_delve
Spider:3: layout_spider_delve, uniq_agnes
Spider:4: floodkiller_spider_rune_tomb
Slime:1:  layout_caves
Slime:2:  layout_caves
Slime:3:  layout_caves, nicolae_slime_phagocytosis
Slime:4:  layout_caves
Slime:5:  slime_pit_nicolae_block_by_block
Orc:1:    layout_caves, serial_shops, shop, basic_altar, bh_open_orc_temple,
          uniq_erolcha
Orc:2:    st_orc_town, layout_caves, serial_shops, shop
Elf:1:    minmay_elf_arrival_circle, layout_geoelf_octagon, serial_shops,
          nicolae_shop_just_a_little_nook, minmay_elf_sorcery, st_stairs_6,
          minmay_shop_grove, uniq_louise, uniq_norris
Elf:2:    elven_hall_of_blades_hangedman_original
          [nicolae_blade_entry_floor_patterns], layout_geoelf_octagon, drop_trap
Elf:3:    grunt_elf_hall_asides, layout_onion_city, grunt_ministairs_11
Vaults:1: mu_enter_wizlab_1, ontoclasm_vaults_tryst,
          nicolae_vaults_trapezoid_lopsided_2, vaults_room_hallway,
          nicolae_vaults_storage_closets_3, v_alt_pattern_5,
          vaults_room_door_ring, nicolae_vaults_stepped_doors, v_misc_17,
          nicolae_vaults_three_branches, nicolae_vaults_surprise_closet,
          nicolae_vaults_trapezoid_2, nicolae_vaults_closet_pinwheel_3,
          vaults_dpeg_ring, layout_vaults_maze_snakey, uniq_asterion
Vaults:2: nicolae_vaults_storage_room_water, nicolae_vaults_border_crossing,
          minmay_crypt_entry_necro_gods, nicolae_vaults_trapezoid_3, v_misc_31,
          st_cells, nicolae_vaults_diamond_2, grunt_vaults_hallway_long,
          vaults_dpeg_spiral, layout_vaults_ring
Vaults:3: gammafunk_ghost_crypt, hangedman_vaults_maws, v_misc_5,
          v_alt_pattern_1, v_misc_11, ontoclasm_vaults_hangar,
          vaults_mumra_minichess_inversion,
          vaults_standard_mumra_enter_the_diamond, vaults_room_fours,
          nicolae_vaults_apartment_1, nicolae_vaults_tetromino_Z_1,
          nicolae_vaults_tetromino_Z_1, layout_vaults_quadrants
Vaults:4: nicolae_vaults_yaktaur_gun_rack, nicolae_vaults_trapezoid_lopsided_3,
          vaults_mumra_chevron, nicolae_vaults_little_squares_2,
          vaults_dpeg_cross, nicolae_vaults_theta, v_misc_28, vaults_room_pools,
          v_misc_24, st_more_cells, v_misc_3, v_misc_24,
          vaults_room_stairs_pillars, nicolae_vaults_doubleplus_tesselated,
          nicolae_vaults_tangram_1, vaults_dpeg_encased_lava,
          layout_vaults_big_cross
Crypt:1:  layout_catacombs, uniq_grunn

Skill      XL: |  1  2  3  4  5  6  7  8  9 10 11 12 13 14 15 16 17 18 19 20 21 22 |
---------------+-------------------------------------------------------------------+-----
Stealth        | 1 |  1.0
Armour         | 1 2 3 4 5 6 8 9 10 11 12 13 14 15 16 17 18 | 18.9
Fighting       | 3 4 5 6 7 8 10 11 12 13 14 16 17 19 20 22 23 | 23.1
Ranged Weapons | 5 6 7 8 10 11 13 14 15 17 18 20 21 22 24 25 27 | 27.0
Dodging        | 3 4 6 8 9 10 | 10.0
Throwing       | 1 |  1.0
Shields        | 1 3 4 5 7 8 9 10 11 12 | 12.0
Invocations    | 1 2 3 4 5 6 7 8 9 10 | 10.0
Long Blades    | 2 |  2.0
Axes           | 4 5 6 7 8 12 13 15 | 15.0
Evocations     | 1 3 |  3.0
Translocations | 3 4 6 |  6.0
Spellcasting   | 3 |  3.0

Action                     |  1- 3 |  4- 6 |  7- 9 | 10-12 | 13-15 | 16-18 | 19-21 | 22-24 || total
---------------------------+-------+-------+-------+-------+-------+-------+-------+-------++-------
  Melee: Hand cannon       |       |       |       |     1 |       |       |       |       ||     1
   Fire: Shortbow          |    69 |   209 |    34 |       |       |       |       |       ||   312
         Hand cannon       |       |       |   165 |   462 |   999 |   785 |  1295 |   284 ||  3990
 Invoke: Ancestor Life: Kn |       |       |       |     1 |       |       |       |       ||     1
         Recall Ancestor   |       |       |       |     1 |     6 |     6 |     7 |     1 ||    21
  Evoke: Wand              |       |       |       |       |     1 |       |     3 |       ||     4
         Phantom mirror    |       |       |       |       |     1 |       |     1 |     1 ||     3
    Use: Scroll            |       |     7 |     7 |     7 |    15 |    12 |    11 |     7 ||    66
         Potion            |       |       |       |     1 |     7 |     1 |     2 |     4 ||    15
 Armour: Leather armour    |     9 |       |       |   146 |   159 |   155 |    67 |       ||   536
         Ring mail         |       |    42 |       |       |       |    14 |    66 |       ||   122
         Pearl dragon scal |       |    31 |    69 |    13 |       |       |       |       ||   113
         Steam dragon scal |       |       |       |    15 |       |       |       |       ||    15
         Chain mail        |       |       |       |       |    72 |    36 |   143 |   102 ||   353
  Dodge: Dodged            |    15 |    67 |    54 |   144 |   212 |   231 |   275 |    56 ||  1054
         Repelled          |       |       |       |     1 |     5 |     1 |    24 |     3 ||    34
  Block: Buckler           |       |       |       |    54 |    24 |       |       |       ||    78
         Kite shield       |       |       |       |       |   253 |   321 |   344 |   114 ||  1032

Table legend: (Time is in decaauts)
 A = Elapsed time spent in this place.
 B = Non-inter-level travel time spent in this place.
 C = Inter-level travel time spent in this place.
 D = Time resting spent in this place.
 E = Time spent auto-exploring this place.
 F = Levels seen in this place.
 G = Mean time per level.
                   A        B        C        D        E       F      G
               +--------+--------+--------+--------+--------+-----+--------+
         Total |  49620 |  42514 |   7106 |   6455 |  25977 |  47 | 1055.7 |
       Dungeon |  16805 |  13192 |   3613 |   1707 |   8886 |  15 | 1120.3 |
          Lair |   5698 |   4765 |    933 |    325 |   3458 |   5 | 1139.6 |
         Swamp |   3479 |   3234 |    245 |    483 |   2027 |   4 |  869.8 |
   Spider Nest |   4905 |   4485 |    420 |   1222 |   2343 |   4 | 1226.2 |
    Slime Pits |   3331 |   3167 |    164 |    447 |   2050 |   5 |  666.2 |
  Orcish Mines |   2474 |   1805 |    669 |    322 |    832 |   2 | 1237.0 |
   Elven Halls |   3245 |   3063 |    182 |    349 |   1861 |   3 | 1081.7 |
        Vaults |   6715 |   5867 |    848 |   1161 |   3153 |   4 | 1678.8 |
         Crypt |    689 |    660 |     29 |    146 |    309 |   1 |  689.0 |
         Abyss |    625 |    625 |      0 |    194 |    143 |   1 |  625.0 |
         Trove |     48 |     48 |      0 |      0 |      0 |   1 |   48.0 |
         Sewer |    848 |    848 |      0 |      0 |    577 |   1 |  848.0 |
      Ice Cave |    753 |    753 |      0 |     97 |    338 |   1 |  753.0 |
               +--------+--------+--------+--------+--------+-----+--------+

Top non-repeatable levels by time:
Vaults:3: 2502 daAuts
    D:11: 2119 daAuts
    D:13: 1871 daAuts
    D:10: 1870 daAuts
   Orc:2: 1717 daAuts
  Lair:5: 1570 daAuts
Vaults:4: 1478 daAuts
Vaults:2: 1448 daAuts
  Lair:2: 1411 daAuts
Spider:2: 1393 daAuts
   Elf:3: 1378 daAuts
Spider:4: 1349 daAuts
Vaults:1: 1286 daAuts
Spider:3: 1240 daAuts
     D:2: 1220 daAuts
